 Dungeon Crawl Stone Soup version 0.28.0-62-gf88900778d (webtiles) character file.

Game seed: 11769919478867740480

19 urmum the Ruffian (level 2, -3/23 HPs)
             Began as a Draconian Transmuter on May 26, 2022.
             Killed from afar by Robin (5 damage)
             ... with a puff of flame
             ... on level 2 of the Dungeon on May 18, 2023.
             The game lasted 00:10:33 (846 turns).

urmum the Ruffian (Draconian Transmuter)             Turns: 846, Time: 00:10:33

Health: -3/23      AC:  4    Str: 12    XL:     2   Next: 55%
Magic:  5/5        EV: 12    Int: 13    God:
Gold:   15         SH:  0    Dex: 11    Spells: 4/5 levels left

rFire   . . .      SeeInvis .   a - +0 whip
rCold   . . .      Faith    .   (no shield)
rNeg    . . .      Spirit   .   (armour unavailable)
rPois   .          Reflect  .   (helmet restricted)
rElec   .          Harm     .   (no cloak)
rCorr   .          Rampage  .   (no gloves)
Will    .....                   (no boots)
Stlth   +.........              (no amulet)
HPRegen 0.07/turn               (no ring)
MPRegen 0.09/turn               (no ring)

@: no status effects
A: AC +4, unfitting armour, cold-blooded
a: no special abilities


You were on level 2 of the Dungeon.
You visited 1 branch of the dungeon, and saw 2 of its levels.

You collected 15 gold pieces.

Inventory:

Hand Weapons
 a - a +0 whip (weapon)
Armour
 e - a +3 leather armour
Scrolls
 b - a scroll of immolation {unknown}
 d - a scroll of amnesia {unknown}
Potions
 c - a potion of curing {unknown}


   Skills:
 + Level 1.4 Fighting
 + Level 0.3 Maces & Flails
 + Level 1.8 Dodging
 + Level 3.2 Unarmed Combat
 + Level 2.2 Spellcasting
 + Level 2.3 Transmutations


You had 4 spell levels left.
You knew the following spells:

 Your Spells              Type           Power      Damage    Failure   Level
a - Beastly Appendage     Tmut           14%        N/A       10%         1

Your spell library contained the following spells:

 Spells                   Type           Power      Damage    Failure   Level
 Wereblood                Tmut           7%         N/A       14%         2
 Spider Form              Tmut/Pois      4%         N/A       41%         3
 Ice Form                 Ice/Tmut       4%         N/A       83%         4


Dungeon Overview and Level Annotations

Branches:
Dungeon (2/15)

Altars:

Annotations:
D:2 Robin


Innate Abilities, Weirdness & Mutations

Your plain brown scales are hard. (AC +4)
You cannot fit into any form of body armour.
You are cold-blooded and may be slowed by cold attacks.


Message History

A goblin comes into view. It is wielding a +0 dagger.
Found an escape hatch in the floor.
Robin shouts!
The goblin shouts!
You hear a shout!
A goblin comes into view. It is wielding a +0 dagger.
The goblin shouts!
You hear a shout!
The goblin shouts!
You hit Robin but do no damage.
You hear a shout!
Robin closely misses you.
A kobold comes into view. It is wielding a +0 short sword.
You hit Robin. You tail-slap Robin.
Robin is heavily wounded.
Robin zaps a wand.
The puff of flame hits you!
You hit Robin but do no damage.
Robin is heavily wounded.
Robin throws the goblin at you!
You hit Robin.
Your tail-slap misses Robin.
Robin is heavily wounded.
The goblin hits you with a +0 club. Robin barely misses you.
You completely miss Robin. You tail-slap Robin. Your punch misses Robin.
Robin is heavily wounded.
The goblin barely misses you. Robin throws the goblin at you!
A hobgoblin comes into view.
The goblin hits you with a +0 dagger.
You hit Robin. You tail-slap Robin.
Robin is severely wounded.
The goblin hits you with a +0 club. The goblin barely misses you.
The goblin closely misses you.
You barely miss Robin.
Robin is severely wounded.
The goblin hits you but does no damage. The goblin hits you with a +0 dagger.
* * * LOW HITPOINT WARNING * * *
The goblin misses you.
You barely miss Robin.
Robin is severely wounded.
The kobold hits you with a +0 short sword.
* * * LOW HITPOINT WARNING * * *
The goblin hits you but does no damage. x2; Robin zaps a wand.
The puff of flame hits you.
You die...

#########.# #.......#.#
#.#####.#.# #.# #.#.#
##### #.# #.#.# #
....####.#####.#.##.####
.......................S
....####.#####.gg##.###
(...# #.# ##g@# ..††#
#.......ggK..># ....#
#########.###.# ....#
g[# ....# ... ....# ....
....# .... ....# ....#.
#####


You could see Robin, a hobgoblin, 4 goblins and a kobold.

Vanquished Creatures
  A ball python (D:1)
  2 bats (D:1)
  A giant cockroach (D:1)
  A goblin (D:1)
  4 hobgoblins
  2 kobolds (D:1)
  2 quokkas (D:1)
  2 frilled lizards (D:1)
  A rat (D:1)
16 creatures vanquished.

Notes
Turn   | Place    | Note
-------+----------+-------------------------------------------
     0 | D:1      | urmum the Draconian Transmuter began the quest for the Orb.
     0 | D:1      | Reached XP level 1. HP: 16/16 MP: 3/3
   201 | D:1      | Upgraded the game from 0.28.0-53-g5a82cb258f to
                  | 0.28.0-62-gf88900778d
   342 | D:1      | Reached XP level 2. HP: 23/23 MP: 3/5
   837 | D:2      | Noticed Robin
   846 | D:2      | Killed from afar by Robin

Illustrated notes

Levels and vault maps discovered:
D:1:      dpeg_arrival_signposts, layout_rooms
D:2:      layout_basic, uniq_sigmund, uniq_robin

Action                   || total
-------------------------++-------
Melee: Whip              ||    53
       Unarmed           ||     5
       Tailslap          ||    10
       Kick              ||     1
       Headbutt          ||     1
 Cast: Beastly Appendage ||     3
Armor: Skin              ||    24
Dodge: Dodged            ||    63
